AoeStats
← Coalaviajero

Arabia

509802375Analyzed
4v4 RM · 3d ago on Sep 28, 2026· 123m 52s· 8 players
Game mode
Random Map
Map size
Large (8 player)
Population
200
Speed
Normal
Resources
Standard
Victory
Conquest
Starting age
Dark Age
Ending age
Imperial Age
RankedLock teamsTeams togetherTeam positionsShared explorationLock speedFull tech treeHidden civsTurbo modeCheats
Victory
Defeat
🇦🇷 Saracens · Argentina
897
+15
🇦🇷 Varangians · Argentina
855
+16
🇺🇸 Vietnamese · United States
628
+26
🇺🇸 Byzantines · United States
603
+26
🇨🇱 Britons · Chile
883
-21
🇨🇱 Byzantines · Chile
857
-21
🇨🇱 Franks · Chile
852
-21
824
-20
jla
0:40 Loom
12:53 Feudal Age
14:09 Wheelbarrow
13:23 Double-Bit Axe
13:25 Horse Collar
17:10 Gold Mining
17:13 Stone Mining
22:06 Castle Age
22:10 Arson
23:12 Hand Cart
23:14 Bow Saw
23:09 Heavy Plow
24:37 Forging
24:27 Scale Mail Armor
24:20 Fletching
24:31 Padded Archer Armor
25:58 Squires
26:40 Stone Shaft Mining
26:31 Caravan
30:38 Iron Casting
30:00 Pikeman
31:22 Chain Mail Armor
33:03 Bodkin Arrow
33:24 Leather Archer Armor
33:33 Scale Barding Armor
33:14 Treadmill Crane
33:31 Murder Holes
33:46 Masonry
34:27 Elite Skirmisher
35:13 Thumb Ring
38:19 Imperial Age
39:13 Imperial Skirmisher
39:17 Elite Rattan Archer
40:18 Paper Money
41:11 Plate Mail Armor
40:41 Bracer
41:11 Ring Archer Armor
41:02 Chain Barding Armor
41:46 Two-Man Saw
41:19 Crop Rotation
40:38 Arrowslits
41:53 Ballistics
43:51 Hoardings
43:19 Chatras
45:54 Plate Barding Armor
47:22 Chemistry
46:28 Siege Engineers
46:34 Fortified Wall
48:10 Town Watch
50:52 Elite Battle Elephant
96:06 Guilds
96:27 Coinage
98:32 Banking
110:11 Halberdier
123:02 Town Patrol
alexgolan
0:50 Loom
15:04 Feudal Age
15:32 Horse Collar
15:57 Double-Bit Axe
20:32 Wheelbarrow
19:53 Stone Mining
26:38 Gold Mining
31:39 Castle Age
33:01 Heavy Plow
33:13 Bow Saw
33:41 Stone Shaft Mining
33:43 Gold Shaft Mining
33:13 Scale Mail Armor
33:24 Forging
33:05 Fletching
33:22 Scale Barding Armor
32:41 Pikeman
33:24 Squires
35:50 Husbandry
36:22 Chain Barding Armor
36:18 Chain Mail Armor
36:39 Iron Casting
37:46 Fortified Wall
37:17 Treadmill Crane
38:59 Ballistics
41:59 Imperial Age
42:12 Cavalier
43:58 Chemistry
42:55 Murder Holes
43:42 Plate Barding Armor
45:03 Two-Man Saw
45:19 Crop Rotation
46:24 Hoardings
46:14 Conscription
46:52 Paladin
48:40 Plate Mail Armor
48:06 Bodkin Arrow
49:13 Halberdier
50:18 Greek Fire
50:52 Bombard Tower
50:56 Elite Skirmisher
51:44 Padded Archer Armor
51:55 Imperial Skirmisher
52:57 Leather Archer Armor
55:03 Bracer
57:42 Thumb Ring
59:11 Caravan
72:00 Ring Archer Armor
102:58 Hand Cart
Camalote
8:15 Loom
10:25 Feudal Age
18:22 Castle Age
17:39 Bloodlines
18:23 Horse Collar
23:44 Scale Barding Armor
24:24 Forging
27:51 Wheelbarrow
33:05 Gold Mining
37:11 Chain Barding Armor
39:44 Imperial Age
37:11 Crossbowman
39:41 Iron Casting
41:02 Heavy Camel Rider
42:50 Husbandry
44:59 Fletching
45:29 Hand Cart
46:30 Thumb Ring
49:58 Bodkin Arrow
50:32 Arbalester
53:52 Bracer
54:07 Padded Archer Armor
58:49 Chemistry
58:53 Elite Skirmisher
61:21 Leather Archer Armor
66:05 Imperial Skirmisher
68:07 Double-Bit Axe
68:54 Light Cavalry
76:01 Hussar
78:24 Plate Barding Armor
81:52 Caravan
84:29 Blast Furnace
84:01 Heavy Plow
101:08 Pikeman
110:01 Gambesons
121:41 Capped Ram
Coalaviajero
2:20 Loom
10:33 Feudal Age
11:52 Wheelbarrow
11:05 Double-Bit Axe
12:57 Horse Collar
21:56 Castle Age
20:03 Stone Mining
20:03 Gold Mining
20:45 Forging
20:35 Scale Mail Armor
21:11 Scale Mail Armor
21:24 Scale Barding Armor
21:43 Fletching
22:35 Bloodlines
23:10 Hand Cart
23:35 Bodkin Arrow
23:52 Squires
23:40 Gambesons
24:44 Bow Saw
25:51 Town Watch
27:29 Chain Mail Armor
30:54 Iron Casting
32:26 Chain Barding Armor
32:08 Heavy Plow
34:10 Stone Shaft Mining
33:48 Bloodlines
32:58 Light Cavalry
34:49 Husbandry
37:57 Imperial Age
39:07 Masonry
39:20 Cavalier
42:32 Blast Furnace
41:53 Padded Archer Armor
42:03 Arson
42:44 Elite Skirmisher
44:31 Bracer
46:25 Plate Barding Armor
47:41 Two-Man Saw
47:24 Crop Rotation
47:57 Caravan
49:43 Plate Mail Armor
51:27 Conscription
52:20 Leather Archer Armor
53:00 Architecture
52:32 Gothikon
58:11 Fortified Wall
58:22 Ballistics
58:08 Siege Engineers
59:04 Chemistry
59:09 Pikeman
61:54 Elite Varangian Guard
64:17 Halberdier
66:46 Ring Archer Armor
69:03 Vendel Legacy
69:03 Elite Jarl
72:45 Town Patrol
74:59 Hussar
93:18 Imperial Skirmisher
97:04 Treadmill Crane
97:19 Murder Holes
113:55 Man-at-Arms
114:34 Capped Ram
116:58 Siege Ram
120:11 Long Swordsman
Hunterkiller
9:30 Feudal Age
11:49 Double-Bit Axe
14:14 Horse Collar
15:49 Loom
18:27 Castle Age
17:46 Horse Collar
18:31 Gold Mining
18:34 Stone Mining
23:05 Bow Saw
23:14 Squires
23:44 Gold Mining
26:39 Gold Shaft Mining
26:40 Yeomen
27:19 Wheelbarrow
27:28 Ballistics
27:17 Fletching
34:23 Imperial Age
32:07 Bodkin Arrow
33:14 Padded Archer Armor
35:06 Bracer
36:15 Chemistry
40:53 Elite Longbowman
46:37 Hand Cart
50:57 Caravan
55:16 Elite Skirmisher
58:53 Leather Archer Armor
72:30 Ring Archer Armor
79:01 Two-Man Saw
cruzadometalero
7:29 Loom
11:27 Feudal Age
11:55 Double-Bit Axe
19:39 Castle Age
18:04 Gold Mining
18:07 Stone Mining
21:04 Horse Collar
21:37 Bow Saw
22:54 Wheelbarrow
24:33 Pikeman
28:53 Sanctity
28:45 Fervor
29:04 Redemption
30:37 Hand Cart
33:56 Imperial Age
32:09 Gambesons
32:24 Squires
32:10 Arson
33:55 Forging
33:46 Scale Mail Armor
33:58 Scale Barding Armor
33:54 Scale Mail Armor
36:20 Iron Casting
41:35 Logistica
42:05 Caravan
44:11 Elite Cataphract
44:59 Elite Varangian Guard
46:22 Illumination
46:15 Block Printing
47:02 Chain Barding Armor
46:58 Chain Mail Armor
51:21 Two-Man Saw
50:59 Plate Barding Armor
52:20 Conscription
54:48 Theocracy
55:11 Ballistics
56:08 Fletching
73:14 Gold Shaft Mining
99:28 Hoardings
cabronXone
0:57 Loom
14:53 Feudal Age
16:17 Town Watch
17:00 Arson
22:41 Fletching
22:52 Padded Archer Armor
22:53 Scale Mail Armor
23:04 Forging
23:00 Scale Barding Armor
25:01 Castle Age
27:02 Stone Mining
27:02 Gold Mining
28:24 Arson
28:39 Squires
28:00 Pikeman
30:28 Siphons
31:05 Double-Bit Axe
34:20 Gold Shaft Mining
33:46 Bodkin Arrow
34:12 Chain Barding Armor
34:08 Leather Archer Armor
34:08 Chain Mail Armor
34:29 Iron Casting
36:02 Wheelbarrow
35:54 Husbandry
40:46 Bow Saw
45:54 Imperial Age
43:48 Elite Skirmisher
45:27 Ordonnance Companies
47:03 Conscription
46:16 Halberdier
50:42 Cavalier
56:24 Chemistry
55:45 Ballistics
62:24 Blast Furnace
61:55 Plate Mail Armor
62:00 Plate Barding Armor
61:46 Cranequins
67:58 Paladin
72:52 Hand Cart
74:02 Capped Ram
75:50 Coinage
78:22 Caravan
80:24 Light Cavalry
81:44 Banking
ricardorodriguez2978
0:30 Loom
10:58 Feudal Age
14:01 Town Watch
24:58 Castle Age
23:39 Double-Bit Axe
26:03 Bow Saw
28:27 Fervor
30:51 Town Patrol
31:29 Horse Collar
33:03 Wheelbarrow
34:34 Hand Cart
38:16 Imperial Age
36:08 Heavy Plow
37:10 Squires
36:30 Pikeman
36:56 Arson
38:22 Chemistry
37:33 Masonry
39:00 Wagenburg Tactics
38:22 Halberdier
41:06 Conscription
43:07 Scale Mail Armor
43:17 Forging
43:09 Padded Archer Armor
43:00 Fletching
45:47 Two-Man Saw
45:28 Caravan
45:42 Guilds
48:16 Iron Casting
47:56 Chain Mail Armor
47:56 Leather Archer Armor
47:37 Bodkin Arrow
48:27 Elite Hussite Wagon
49:25 Fortified Wall
50:19 Blast Furnace
52:24 Houfnice
55:02 Bracer
55:32 Ring Archer Armor
55:30 Ballistics
80:41 Elite Skirmisher
85:40 Light Cavalry
86:20 Husbandry
87:54 Architecture
90:22 Arrowslits
90:33 Murder Holes
92:56 Scale Barding Armor
93:39 Plate Mail Armor
99:02 Chain Barding Armor
Connection lost

Rejoining the realm…

Still unreachable

The connection could not be restored.

Session expired

The server has moved on; the page needs a fresh start.